 Dungeon Crawl Stone Soup version 0.27.1-33-g824d729ab1 (webtiles) character file.

Game seed: 17327387952454139802

121 jlumianski the Skirmisher (level 5, -6/33 HPs)
             Began as a Gargoyle Monk on Dec 15, 2021.
             Killed by divine providence
             ... invoked by an orc priest
              (10 damage)
             ... on level 3 of the Dungeon.
             The game lasted 00:05:31 (2032 turns).

jlumianski the Skirmisher (Gargoyle Monk)           Turns: 2032, Time: 00:05:32

Health: -6/33      AC:  9    Str: 16    XL:     5   Next: 5%
Magic:  1/5        EV: 12    Int: 10    God:
Gold:   90         SH:  0    Dex: 12    Spells: 2/4 levels left

rFire    . . .     SeeInvis .   i - +0 hunting sling
rCold    . . .     Faith    .   (no shield)
rNeg     + . .     Spirit   .   h - +0 leather armour
rPois    ∞         Reflect  .   (no helmet)
rElec    +         Harm     .   (no cloak)
rCorr    .         Rampage  .   c - +1 pair of gloves
Will     .....                  (no boots)
Stlth    ++........             (no amulet)
HPRegen  0.11/turn              (no ring)
MPRegen  0.09/turn              (no ring)

@: very slightly contaminated
A: sickness immunity, AC +4, negative energy resistance 1, electricity
resistance, torment resistance 1, petrification resistance
a: no special abilities


You were on level 3 of the Dungeon.
You visited 1 branch of the dungeon, and saw 3 of its levels.

You collected 90 gold pieces.

Inventory:

Hand Weapons
 a - a +0 hand axe
 i - a +0 hunting sling (weapon)
Missiles
 g - 38 stones (quivered ammo)
 l - 18 bolts
Armour
 b - a +0 robe
 c - a +1 pair of gloves (worn)
 d - a +0 plate armour
 h - a +0 leather armour (worn)
Potions
 f - a potion of brilliance {unknown}
 j - a potion of cancellation {unknown}
 k - a potion of heal wounds {unknown}
 n - a potion of curing {unknown}


   Skills:
 + Level 3.9 Fighting
 + Level 3.5 Axes
 + Level 1.4 Armour
 + Level 2.9 Dodging
 + Level 2.8 Stealth
 * Level 1.0 Transmutations


You had 2 spell levels left.
You knew the following spells:

 Your Spells              Type           Power      Damage    Failure   Level
a - Wereblood             Tmut           2%         N/A       41%         2

Your spell library contained the following spells:

 Spells                   Type           Power      Damage    Failure   Level
 Beastly Appendage        Tmut           4%         N/A       30%         1
 Ensorcelled Hibernation  Hex/Ice        0%         N/A       56%         2
 Spider Form              Tmut/Pois      0%         N/A       75%         3
 Shadow Creatures         Summ           N/A        N/A       100%        6


Dungeon Overview and Level Annotations

Branches:
Dungeon (3/15)

Altars:

Shops:
D:1 (


Innate Abilities, Weirdness & Mutations

You are immune to sickness and miasma.
Your stone body is resilient. (AC +4)
You are immune to poison.
You resist negative energy. (rN+)
You are resistant to electric shocks. (rElec)
You are resistant to unholy torment.
You are immune to petrification.


Message History

Casting: Wereblood (quite dangerous; 41% risk of failure)
Confirm with . or Enter, or press ? or * to list all spells.
The spell is quite dangerous to cast (41% risk of failure)!
Continue anyway?
You miscast Wereblood.
You are very lightly contaminated with residual magic.
Nothing appears to happen.
The orc shouts!
The kobold shouts!
Casting: Wereblood (quite dangerous; 41% risk of failure)
Confirm with . or Enter, or press ? or * to list all spells.
The spell is quite dangerous to cast (41% risk of failure)!
Continue anyway?
You miscast Wereblood.
Nothing appears to happen.
The orc priest miscasts a cantrip.
Throw: 41 stones
Press: ? - help, Q - select action Shift-Dir - straight line, f - orc
Aim: an orc, wielding a +0 hand axe (57% to hit)
You throw a stone. The stone barely misses the orc.
The kobold throws a stone.
The stone completely misses you.
i - a +0 hunting sling (weapon)
The kobold throws a stone.
The stone barely misses you.
Fire: 40 stones
Press: ? - help, Q - select action Shift-Dir - straight line, f/p - orc
Aim: an orc, wielding a +0 hand axe (57% to hit)
You shoot a stone. The stone hits the orc.
The orc is severely wounded.
Fire: 39 stones
Press: ? - help, Q - select action Shift-Dir - straight line, f/p - orc
Aim: an orc, wielding a +0 hand axe (severely wounded, 57% to hit)
You shoot a stone.
The stone hits the orc but does no damage.
The orc is severely wounded.
An orc comes into view. It is wielding a +0 whip.
The orc priest calls down the wrath of Beogh upon you.
Beogh smites you!
The orc shouts!
You hear a shout!
The orc priest mumbles some strange prayers to Beogh against you.
Beogh smites you!
* * * LOW HITPOINT WARNING * * *
The orc priest invokes the aid of Beogh against you.
Beogh smites you!
You die...

..... .....######
..........##
.....>.....##
............#
............#
............#
.......o....##.##.)
##..o...Ko.@.......
##...(.†.......)..
#...(.....<.......
..(................
#...........#.#....
##..........#.###..
.............. .
#.........##.##


You could see an orc priest, 2 orcs and a kobold.

Vanquished Creatures
  2 wights (D:3)
  A worm (D:2)
  A dart slug (D:1)
  An orc (D:3)
  3 ball pythons
  3 endoplasms
  A giant cockroach (D:1)
  2 hobgoblins (D:1)
  5 kobolds
  2 bats
  3 frilled lizards
  5 goblins
  5 rats
34 creatures vanquished.

Vanquished Creatures (others)
  A fungus (D:1)
1 creature vanquished.

Grand Total: 35 creatures vanquished

Notes
Turn   | Place    | Note
-------+----------+-------------------------------------------
     0 | D:1      | jlumianski the Gargoyle Monk began the quest for the Orb.
     0 | D:1      | Reached XP level 1. HP: 14/14 MP: 1/1
   251 | D:1      | Reached XP level 2. HP: 4/19 MP: 2/2
   638 | D:1      | Found a faded altar of an unknown god.
   742 | D:1      | Found Bizioc's Weapon Shoppe.
  1293 | D:2      | Reached XP level 3. HP: 3/24 MP: 3/3
  1548 | D:2      | Learned a level 2 spell: Wereblood
  2011 | D:3      | Reached skill level 1 in Armour
  2011 | D:3      | Reached skill level 1 in Transmutations
  2011 | D:3      | Reached XP level 4. HP: 29/29 MP: 4/4
  2011 | D:3      | Reached XP level 5. HP: 33/33 MP: 5/5
  2032 | D:3      | Killed from afar by an orc priest

Illustrated notes

Levels and vault maps discovered:
D:1:      amcnicky_arrival_gap_in_the_tavern_cellar, layout_rooms, serial_shops,
          nicolae_lakefront_shop, shapermc_ecumenical_altar_mp_urbaneastern
D:2:      layout_loops_ring, lexackson_kobold_supper
D:3:      layout_rooms, portal_sewer_entry_a, uniq_terence

Skill      XL: |  1  2  3 |
---------------+----------+-----
Axes           | 3 |  3.5
Armour         | 1 |  1.4
Transmutations | 1 |  1.0
Fighting       | |  3.9
Dodging        | |  2.9
Stealth        | |  2.8

Action                   |  1- 3 |  4- 6 || total
-------------------------+-------+-------++-------
Melee: Hand axe          |   100 |     6 ||   106
 Fire: Hunting sling     |       |     2 ||     2
Throw: Stone             |       |     1 ||     1
  Use: Scroll            |     1 |     1 ||     2
 Stab: Sleeping          |     2 |       ||     2
Armor: Robe              |    17 |       ||    17
       Leather armour    |    16 |     1 ||    17
Dodge: Dodged            |    51 |     4 ||    55
